 Dungeon Crawl Stone Soup version 0.21-a0-229-g3587535 (webtiles) character file.

930 Musica the Shield-Bearer (level 8, -9/49 HPs)
             Began as a Gargoyle Fighter on Sept 1, 2017.
             Was a Follower of Okawaru.
             Mangled by a two-headed ogre
             ... wielding a cursed +0 giant club
              (11 damage)
             ... on level 5 of the Dungeon.
             The game lasted 00:12:27 (5032 turns).

Musica the Shield-Bearer (Gargoyle Fighter)         Turns: 5032, Time: 00:12:28

Health: -9/49      AC: 12    Str: 19    XL:     8   Next: 11%
Magic:  8/8        EV:  7    Int: 10    God:    Okawaru [*.....]
Gold:   241        SH: 10    Dex: 11    Spells: 7/7 levels left

rFire    . . .     SeeInvis .   x - +2 mace (protect)
rCold    + . .     Gourm    +   c - +0 shield
rNeg     + . .     Faith    .   C - +0 scale mail {rC+}
rPois    ∞         Spirit   .   (no helmet)
rElec    +         Reflect  .   (no cloak)
rCorr    .         Harm     .   (no gloves)
MR       .....                  (no boots)
Stlth    ..........             D - amulet of the gourmand
HPRegen  0.16/turn              (no ring)
MPRegen  0.11/turn              (no ring)

@: about to teleport
A: negative energy resistance 1, electricity resistance, unbreathing,
petrification resistance, rot immunity, AC +5
a: Heroism, Renounce Religion


You were on level 5 of the Dungeon.
You worshipped Okawaru.
Okawaru was aware of your devotion.
You were full.

You visited 1 branch of the dungeon, and saw 6 of its levels.
You also visited: Sewer.

You collected 241 gold pieces.

Inventory:

Hand Weapons
 a - a +0 flail
 o - a +0 blowgun
 x - a +2 mace of protection (weapon)
Missiles
 b - 31 arrows
 p - 15 poisoned needles
 s - 15 sling bullets
 t - 16 bolts
 y - 4 tomahawks
 G - 2 javelins (quivered)
Armour
 c - a +0 shield (worn)
 C - a +0 scale mail of cold resistance (worn)
Jewellery
 D - an amulet of the gourmand (around neck)
 E - an uncursed ring of see invisible {unknown}
Wands
 w - a wand of polymorph (11/24)
 F - a wand of paralysis (12/24)
Scrolls
 e - 5 scrolls of teleportation
 f - 3 scrolls of noise {unknown}
 h - 4 scrolls of remove curse
 k - 6 scrolls of identify
 m - 3 scrolls of enchant weapon {unknown}
 q - a scroll of fear {unknown}
Potions
 d - 2 potions of might
 g - 2 potions of brilliance
 i - a potion of magic
 j - 7 potions of curing
 l - 2 potions of haste {unknown}
 n - 3 potions of mutation {unknown}
 r - 6 potions of heal wounds {unknown}
 v - a potion of degeneration {unknown}
Comestibles
 u - a meat ration
 z - a royal jelly
 A - 5 bread rations
 B - a fruit


   Skills:
 + Level 5.2 Fighting
 + Level 6.0 Maces & Flails
 + Level 2.4 Throwing
 - Level 3.2 Armour
 + Level 6.4 Shields


You had 7 spell levels left.
You didn't know any spells.

Dungeon Overview and Level Annotations

Branches:
Dungeon (6/15)
 Temple: D:4-7

Altars:
Ashenzari
Dithmenos
Gozag
Nemelex Xobeh
Okawaru
Uskayaw
Wu Jian
Yredelemnul
Zin
The Shining One


Innate Abilities, Weirdness & Mutations

You are resistant to torment.
Your stone body is resilient. (AC +5)
You are immune to poison.
You resist negative energy. (rN+)
You are resistant to electric shocks. (rElec)
You can survive without breathing.
You are immune to petrification.
You are immune to rotting.


Message History

Moving in this stuff is going to be slow.
You enter the shallow water.
Moving in this stuff is going to be slow.
A two-headed ogre comes into view. It is wielding two giant clubs.
The two-headed ogre shouts in stereo!
You barely miss the two-headed ogre. You block the two-headed ogre's attack.
The two-headed ogre hits you with a giant club!!
Ouch! That really hurt!
You are too injured to fight recklessly!
You are too injured to fight recklessly!
You sock the two-headed ogre!
Your weapon exudes an aura of protection.
The two-headed ogre is lightly wounded.
You block the two-headed ogre's attack.
The two-headed ogre hits you with a giant club!!
* * * LOW HITPOINT WARNING * * *
As you read the scroll of teleportation, it crumbles to dust.
You feel strangely unstable. You block the two-headed ogre's attack.
The two-headed ogre hits you with a giant club!
You die...

........##########
.................#
.................#
.................#
#######..........# #
#..........# #
############ #. #
########## #. #
##..O@≈≈≈≈## #.
############≈########.##
#. ..........#≈##
.P..≈##.# #####.
#########.#≈# ..≈≈≈≈#.#
#..... #......##.#≈#
..P≈[;#.# ###.....
#.####.##.#.# .≈P.≈;#≈#
#......> ..........#..
.P((≈##≈###.......
#.#....##.##.
########≈##......#
.......##..#≈≈
..≈.≈##≈#......#


You could see a two-headed ogre.

Vanquished Creatures
  A sky beast (D:5)
  An ogre (D:6)
  2 phantoms
  A water moccasin skeleton (D:4)
  2 scorpions (D:5)
  2 howler monkeys
  A hound (D:5)
  An orc wizard (D:4)
  2 orc priests
  Terence (D:2)
  2 worker ants
  A worker ant zombie (D:5)
  4 adders
  2 shadow imps (D:5)
  2 adder skeletons
  A worm (D:4)
  4 dart slugs
  3 leopard geckos
  9 orcs
  7 giant cockroaches
  5 hobgoblins
  7 jackals
  7 ball pythons
  4 bats
  6 frilled lizards
  8 goblins
  A jackal skeleton (D:5)
  13 kobolds
  A leopard gecko zombie (D:6)
  3 rats
104 creatures vanquished.

Notes
Turn   | Place    | Note
-------+----------+-------------------------------------------
     0 | D:1      | Musica the Gargoyle Fighter began the quest for the Orb.
     0 | D:1      | Reached XP level 1. HP: 14/14 MP: 1/1
   201 | D:1      | Reached XP level 2. HP: 18/19 MP: 2/2
   724 | D:3      | Found a glowing drain.
   756 | D:3      | Reached XP level 3. HP: 22/23 MP: 3/3
   770 | Sewer    | Entered a sewer
  1981 | D:2      | Noticed Terence
  1993 | D:2      | Killed Terence
  1993 | D:2      | Reached XP level 4. HP: 29/29 MP: 4/4
  2754 | D:5      | Entered Level 5 of the Dungeon
  2814 | D:4      | Reached XP level 5. HP: 29/33 MP: 5/5
  2956 | D:4      | Found a hide-covered altar of Uskayaw.
  2965 | D:4      | Found a sparkling altar of Nemelex Xobeh.
  3044 | D:5      | Found an opulent altar of Gozag.
  3044 | D:5      | Noticed a sky beast
  3247 | D:4      | Reached skill level 1 in Throwing
  3361 | D:4      | Reached XP level 6. HP: 33/39 MP: 6/6
  3763 | D:6      | Found a glowing silver altar of Zin.
  3763 | D:6      | Found an iron altar of Okawaru.
  3763 | D:6      | Found a glowing golden altar of the Shining One.
  3764 | D:6      | Found a basalt altar of Yredelemnul.
  3766 | D:6      | Found a shattered altar of Ashenzari.
  3767 | D:6      | Found an ornate altar of the Wu Jian Council.
  3768 | D:6      | Found a shadowy altar of Dithmenos.
  3783 | D:6      | Reached skill level 5 in Shields
  3790 | D:6      | Noticed a phantom
  3805 | D:6      | Killed a phantom
  3825 | D:6      | Became a worshipper of Warmaster Okawaru
  3860 | D:6      | Reached skill level 5 in Maces & Flails
  3860 | D:6      | Reached XP level 7. HP: 23/44 MP: 7/7
  3987 | D:5      | Reached skill level 5 in Fighting
  4042 | D:5      | Reached * piety under Okawaru
  4511 | D:5      | Reached XP level 8. HP: 45/49 MP: 8/8
  5022 | D:5      | Noticed a two-headed ogre
  5028 | D:5      | HP: 1/49 [two-headed ogre/giant club (21)]
  5032 | D:5      | Mangled by a two-headed ogre

Vault maps used:
D:1:      minmay_arrival_loop, minmay_pentomino_o2
D:2:      uniq_terence
D:3:      gup_sewer_entry_glass
D:4:      nemelex_xobeh_ov_fountains_minmay, eat_drink_and_be_merry_uskayaw,
          eino_small_chamber_without_monster, minmay_small_thing
D:5:      cheibrodos_two_vegetables, lemuel_crystal_altar, first_bread,
          hangedman_decor_growths
D:6:      gammafunk_temple_overflow_arena, kennysheep_little_box,
          grunt_temple_overflow_open, serial_shops, shop
Sewer:    sewer_co_scattered_pipes

Skill      XL: |  1  2  3  4  5  6  7  8 |
---------------+-------------------------+-----
Shields        | 4 5 6 |  6.4
Maces & Flails | 3 4 5 6 |  6.0
Fighting       | 4 5 |  5.2
Throwing       | 1 2 |  2.4
Armour         | |  3.2

Action                   |  1- 3 |  4- 6 |  7- 9 || total
-------------------------+-------+-------+-------++-------
Melee: Flail             |   180 |       |       ||   180
       Mace              |       |   128 |   105 ||   233
 Fire: Blowgun           |     4 |     2 |       ||     6
Throw: Javelin           |       |     5 |     9 ||    14
       Tomahawk          |       |     4 |     3 ||     7
  Use: Scroll            |     4 |       |     1 ||     5
       Potion            |       |       |     3 ||     3
  Eat: Chunk             |     1 |     8 |     7 ||    16
       Bread ration      |     1 |       |       ||     1
Armor: Scale mail        |    96 |    56 |    53 ||   205
Dodge: Dodged            |    50 |    42 |    20 ||   112
Block: Shield            |    91 |    67 |    48 ||   206

Table legend:
 A = Spawn XP
 B = Non-spawn XP
 C = Spawn XP percentage of total XP
 D = Spawn monster count
 E = Non-spawn monster count
 F = Spawn count percentage of total count
 G = Total turns spent on level
                    A         B        C        D         E        F      G
               +---------+---------+-------+---------+---------+-------+---------
         Total |      56 |    1273 |   4.2 |       8 |      96 |   7.7 |  5032
               +---------+---------+-------+---------+---------+-------+---------
           D:1 |       1 |      21 |   4.5 |       1 |      15 |   6.2 |   614
           D:2 |       0 |      52 |   0.0 |       0 |       7 |   0.0 |   580
           D:3 |       3 |      48 |   5.9 |       2 |      19 |   9.5 |   799
           D:4 |      17 |     213 |   7.4 |       2 |      13 |  13.3 |   930
           D:5 |      35 |     564 |   5.8 |       3 |      15 |  16.7 |  1288
           D:6 |       0 |     347 |   0.0 |       0 |       7 |   0.0 |   117
         Sewer |       0 |      28 |   0.0 |       0 |      20 |   0.0 |   704
               +---------+---------+-------+---------+---------+-------+---------
